Map: Flooded City

Players

WIRAQUCHA

  • Race: Protoss Protoss
  • Spawn Location: 6:00

RAIJFEL

  • Race: Terran Terran
  • League: Gold
  • Spawn Location: 6:00

MonstroTown

  • Race: Terran Terran
  • Spawn Location: 12:00

Michael

  • Race: Zerg Zerg
  • Spawn Location: 12:00

VOD

Have the link to the VOD?

Description

Time

  • Played on: Aug. 24, 2018, 9:14 p.m.
  • Length: 17:48
Show
View Real Time Build Order
Export as new Build Order

WIRAQUCHA Protoss 

Build Orders: Zealot Archon, Dark Templar Rush 

Get SALT Encoding   

  12  0:01  Probe  
  13  0:13  Probe  
  14  0:19  Pylon  
  14  0:25  Probe  
  15  0:36  Probe  
  15  0:42  Gateway  
  16  0:44  Probe  
  17  0:52  Assimilator  
  17  0:53  Probe  
  18  1:04  Probe  
  18  1:05  Assimilator  
  19  1:16  Probe  
  20  1:28  Probe  
  20  1:30  Cybernetics Core  
  21  1:40  Probe  
  21  1:41  Pylon  
  22  1:52  Probe  
  23  2:04  Probe  
  23  2:05  Warp Gate  
  24  2:13  Twilight Council  
  24  2:16  Probe  
  24  2:21  Robotics Facility  
  26  2:42  Pylon  
  25  2:53  Dark Shrine  
  25  3:01  Gateway  
  25  3:04  Gateway  
  25  3:07  Warp Prism  
  27  3:17  Gateway  
  27  3:44  Immortal  
  31  4:20  Dark Templar x2  
  31  4:21  Dark Templar  
  37  4:41  Nexus  
  37  4:43  Pylon  
  37  5:02  Nexus  
  37  5:04  Dark Templar  
  37  5:12  Pylon  
  35  5:23  Dark Templar x2  
  35  5:24  Archon  
  35  5:27  Archon  
  39  5:32  Pylon  
  39  5:35  Dark Templar  
  38  6:04  Immortal  
  38  6:05  Probe  
  43  6:32  Probe x2  
  45  6:40  Stalker x3  
  45  6:41  Stalker  
  45  6:44  Probe x2  
  55  7:09  Nexus  
  55  7:12  Observer  
  56  7:19  Probe  
  56  7:20  Probe  
  58  7:27  Forge  
  58  7:31  Dark Templar  
  58  7:32  Dark Templar  
  62  7:40  Pylon  
  62  7:41  Pylon  
  62  7:45  Pylon  
  62  7:50  Archon  
  62  7:58  Probe  
  63  8:10  Blink  
  59  8:17  Warp Prism  
  45  8:31  Dark Templar x2  
  45  8:33  Probe  
  45  8:34  Probe x2  
  50  8:45  Probe  
  50  8:46  Probe x2  
  53  8:54  Assimilator, Protoss Ground Weapons Level 1  
  53  8:57  Probe  
  53  8:58  Probe, Archon  
  53  8:59  Assimilator  
  53  9:01  Probe  
  56  9:09  Probe  
  57  9:10  Probe  
  57  9:13  Probe  
  59  9:18  Observer  
  59  9:21  Probe  
  59  9:22  Probe  
  62  9:25  Probe  
  63  9:33  Probe  
  63  9:34  Probe  
  63  9:38  Probe  
  66  9:40  Pylon  
  66  9:43  Assimilator  
  66  9:45  Probe  
  67  9:46  Probe, Pylon  
  67  9:47  Assimilator  
  67  9:50  Probe  
  67  9:51  Dark Templar x2  
  67  9:52  Charge  
  73  9:57  Probe, Dark Templar  
  76  10:08  Probe x2  
  78  10:14  Gateway  
  78  10:18  Gateway  
  78  10:20  Probe, Gateway  
  79  10:22  Probe, Pylon  
  79  10:25  Photon Cannon  
  80  10:28  Archon  
  80  10:29  Photon Cannon  
  80  10:31  Pylon  
  80  10:37  Templar Archives  
  80  10:53  Protoss Ground Weapons Level 2  
  80  10:56  Forge  
  80  10:59  Forge  
  80  11:03  Psionic Storm  
  78  11:23  Dark Templar  
  78  11:24  Dark Templar x4  
  86  11:51  High Templar x2  
  86  12:09  Robotics Facility  
  86  12:11  Robotics Facility  
  86  12:13  Robotics Bay  
  86  12:19  Probe  
  87  12:24  High Templar x2  
  89  12:32  Photon Cannon  
  89  12:34  Photon Cannon  
  89  12:40  Nexus  
  89  12:41  Pylon  
  89  12:42  Protoss Ground Armor Level 1  
  89  12:43  Zealot x3  
  89  12:44  Zealot x2  
  99  12:48  Protoss Shields Level 1  
  99  12:55  Nexus  
  99  12:57  Pylon  
  97  13:00  Protoss Ground Weapons Level 3  
  97  13:01  Disruptor x3  
  97  13:03  Extended Thermal Lance  
  97  13:05  Pylon  
  106  13:21  Assimilator  
  106  13:24  Assimilator  
  106  13:29  Photon Cannon  
  106  13:34  Photon Cannon  
  106  13:35  Photon Cannon  
  94  13:49  Zealot x2  
  94  13:50  Zealot x5  
  108  13:58  Probe x4  
  110  14:10  Disruptor x3  
  112  14:21  Probe x2  
  112  14:22  Probe  
  114  14:27  Probe x2  
  116  14:34  Probe  
  116  14:36  Colossus x2  
  113  14:41  Zealot x6  
  113  14:42  Zealot  
  127  14:46  Disruptor  
  131  14:57  Protoss Shields Level 2  
  123  15:05  Shadow Stride  
  123  15:06  Protoss Ground Armor Level 2  
  120  15:21  Colossus, Dark Templar x2  
  124  15:34  Zealot x5  
  129  15:58  Colossus  
  129  16:01  Zealot x7  
  147  16:09  Nexus  
  147  16:10  Pylon x2  
  145  16:17  Colossus  
  148  16:27  Photon Cannon  
  148  16:29  Assimilator, Photon Cannon  
  148  16:31  Assimilator, Pylon  
  148  16:50  Archon  
  146  17:15  Zealot x6  
  154  17:16  Zealot  
  152  17:38  Stalker x6  
  152  17:39  Stalker  
Show
View Real Time Build Order
Export as new Build Order

RAIJFEL Terran 

Build Orders: Reaper Expand 

Get SALT Encoding   

  12  0:01  SCV  
  13  0:17  Supply Depot  
  13  0:19  SCV  
  14  0:32  Supply Depot  
  14  0:35  SCV  
  15  0:55  SCV  
  16  1:00  Barracks  
  16  1:05  Refinery  
  16  1:07  SCV  
  17  1:22  SCV  
  18  1:34  SCV  
  19  1:48  Refinery, SCV  
  19  1:49  Command Center  
  19  1:53  Reaper  
  21  2:00  SCV  
  23  2:15  SCV  
  23  2:20  Supply Depot  
  23  2:37  Factory  
  23  2:46  Barracks Reactor  
  23  2:51  SCV  
  24  3:03  SCV  
  25  3:16  SCV  
  25  3:28  SCV  
  25  3:30  Bunker  
  25  3:31  Marine x2  
  28  3:40  Orbital Command, SCV, Factory Tech Lab  
  29  3:52  SCV  
  30  4:04  SCV  
  30  4:06  Marine x2  
  33  4:14  Siege Tank  
  33  4:16  SCV  
  37  4:23  Marine  
  35  4:44  SCV  
  36  4:50  Marine x2  
  38  4:56  SCV  
  38  4:57  Starport, Orbital Command  
  39  5:01  Refinery  
  39  5:05  Siege Tank  
  42  5:08  SCV, Marine x2  
  45  5:18  Engineering Bay  
  45  5:20  SCV  
  46  6:05  Supply Depot  
  46  6:06  Supply Depot  
  46  6:08  SCV  
  46  6:11  Marine  
  46  6:26  Marine  
  46  6:27  Siege Tank, SCV, Viking  
  46  6:29  Supply Depot, Marine  
  54  6:34  Missile Turret x2  
  54  6:37  Sensor Tower  
  54  6:39  SCV  
  55  6:43  Sensor Tower  
  55  6:44  Marine  
  55  6:46  Marine  
  57  6:51  SCV  
  58  6:55  Sensor Tower  
  58  6:57  Viking  
  58  6:59  Siege Tank  
  63  7:02  Marine  
  63  7:03  SCV  
  63  7:04  Marine  
  66  7:14  Barracks  
  66  7:15  Barracks  
  66  7:17  Barracks  
  66  7:18  Terran Infantry Weapons Level 1  
  66  7:19  Starport  
  66  7:26  Marine x2  
  68  7:31  Siege Tank  
  68  7:33  Supply Depot  
  68  7:34  Supply Depot  
  68  7:36  Refinery  
  71  7:38  Supply Depot  
  71  7:44  Marine x2  
  71  8:01  Marine  
  71  8:03  Siege Tank  
  63  8:42  Barracks Tech Lab x2  
  63  8:43  Barracks Tech Lab  
  63  8:44  Starport Tech Lab  
  63  8:45  Starport Reactor  
  63  8:55  Sensor Tower  
  63  8:57  Marine x2  
  63  8:59  Siege Tank  
  68  9:06  Missile Turret  
  68  9:09  Missile Turret  
  68  9:13  Missile Turret  
  68  9:14  Missile Turret, Marine  
  68  9:15  Marine  
  68  9:16  Missile Turret  
  70  9:18  Missile Turret  
  70  9:28  Terran Infantry Armor Level 1  
  70  9:29  Armory  
  73  9:31  Siege Tank  
  73  9:36  Missile Turret  
  73  9:37  Missile Turret  
  73  9:38  Missile Turret  
  73  9:54  Missile Turret  
  73  9:56  Missile Turret x2  
  73  10:03  Siege Tank  
  76  10:20  Viking x3  
  82  10:24  Orbital Command  
  82  10:27  Marine x4  
  82  10:28  Marine  
  87  10:30  Stimpack  
  87  10:45  Marine x2  
  89  10:50  Viking  
  91  11:44  Terran Infantry Weapons Level 2, Terran Ship Weapons Level 1  
  85  12:23  Viking x2  
  85  12:24  Viking  
  91  12:31  Fusion Core  
  91  12:40  Command Center  
  91  12:53  Viking x2  
  91  12:54  Viking  
  91  12:55  Engineering Bay  
  91  12:57  Armory  
  97  12:59  Combat Shield  
  97  13:01  Concussive Shells  
  97  13:02  Marine  
  97  13:03  Marine x4  
  102  13:34  Supply Depot, Advanced Ballistics  
  102  13:37  Supply Depot  
  102  13:51  Viking, Marine x2, Medivac x2  
  110  14:21  Medivac x3  
  109  14:51  Medivac  
  104  15:13  Marine x2  
  104  15:14  Marine x3  
  109  15:31  Marine x4  
  109  15:32  Marine  
  94  15:56  Marine x5  
  89  15:59  Viking x3  
  95  16:13  Marine  
  95  16:14  Marine  
  96  16:29  Viking x3  
  96  16:31  Marine  
  96  16:32  Marine x4  
  107  16:49  Marine x2  
  107  16:50  Marine x3  
  112  16:59  Viking x3  
Show
View Real Time Build Order
Export as new Build Order

MonstroTown Terran 

Build Orders: MMM Bio 

Get SALT Encoding   

  12  0:01  SCV  
  13  0:13  SCV  
  14  0:19  Supply Depot  
  14  0:25  SCV  
  15  0:40  SCV  
  15  0:41  Barracks  
  16  1:03  SCV  
  17  1:04  Refinery  
  17  1:08  Barracks  
  17  1:12  Refinery  
  17  1:17  SCV  
  18  1:29  SCV  
  19  1:43  Marine  
  20  1:49  Orbital Command  
  19  1:59  Reaper  
  20  2:06  Barracks Reactor  
  20  2:16  SCV  
  21  2:24  Supply Depot  
  21  2:35  SCV  
  22  2:43  Marine  
  23  2:44  Marine  
  23  2:46  Barracks Tech Lab  
  23  2:52  Factory  
  23  3:16  Command Center  
  23  3:28  SCV  
  23  3:31  Stimpack  
  24  3:36  Starport  
  24  3:40  SCV  
  25  3:52  SCV  
  25  3:53  Factory Tech Lab  
  26  3:55  Marine x2  
  26  3:58  Marauder  
  30  4:09  Supply Depot  
  30  4:36  Orbital Command  
  30  4:38  Marine x2, SCV, Liberator  
  30  4:39  Marauder  
  27  4:56  Marine x2  
  27  4:58  Widow Mine  
  34  5:00  SCV  
  34  5:01  Marauder  
  34  5:03  SCV  
  38  5:15  Marine x2  
  40  5:27  Engineering Bay  
  40  5:31  Engineering Bay  
  40  5:32  Combat Shield  
  40  5:38  SCV x2  
  42  5:49  Marine x3  
  45  5:54  Supply Depot  
  45  5:56  Terran Infantry Weapons Level 1  
  40  6:21  Ghost Academy  
  40  6:24  Marine x3  
  43  6:27  Viking  
  45  6:36  SCV x2  
  45  6:39  Terran Infantry Armor Level 1  
  47  6:42  Marauder  
  49  6:48  SCV x2  
  51  6:59  Armory  
  51  7:00  SCV x2  
  53  7:03  Ghost  
  55  7:14  Marine x2  
  57  7:16  Siege Tank  
  60  7:27  Starport Reactor  
  60  7:35  Supply Depot  
  60  7:37  Barracks  
  60  7:39  Barracks  
  60  7:40  Barracks  
  60  7:44  Marine x2  
  62  7:54  Marine  
  62  7:55  Siege Tank  
  66  7:58  Supply Depot  
  66  8:02  Marine  
  55  8:21  Supply Depot  
  55  8:26  Marine x2  
  55  8:27  Marine  
  46  8:37  Marine x2  
  46  8:38  Marine  
  46  8:39  Terran Infantry Armor Level 2, Terran Infantry Weapons Level 2  
  49  8:44  Marine x3  
  49  8:48  SCV x2  
  54  8:50  Refinery  
  54  8:53  Refinery  
  54  8:54  Medivac  
  54  8:55  Marine x2, Medivac  
  59  8:57  Siege Tank  
  59  9:00  SCV x2  
  65  9:12  SCV x2  
  67  9:20  Command Center  
  67  9:29  SCV x2  
  69  9:41  SCV x2  
  69  9:45  Missile Turret  
  71  9:49  Missile Turret  
  71  9:53  SCV x2  
  71  9:54  Viking x2  
  71  9:58  Barracks Reactor  
  77  10:05  Barracks Reactor  
  77  10:10  Barracks Reactor  
  77  10:13  Marine x2  
  79  10:15  Ghost  
  79  10:17  Siege Tank  
  79  10:20  SCV  
  79  10:21  SCV  
  86  10:33  SCV, Medivac x2  
  86  10:34  Marine x4  
  95  10:39  Terran Vehicle Weapons Level 1  
  95  10:44  Marine  
  96  10:50  Supply Depot  
  96  10:51  Marine  
  96  10:52  Marine x6  
  96  10:53  Marine  
  96  10:54  Siege Tank  
  96  10:55  Command Center  
  107  11:02  Marine  
  108  11:11  Medivac x2  
  108  11:18  Marine x3  
  112  11:19  Marine x2  
  112  11:24  Supply Depot  
  117  11:26  Supply Depot x2  
  117  11:46  Marine x2  
  117  12:35  Marine x3  
  120  12:39  Planetary Fortress  
  120  12:56  Marine x3, Ghost  
  120  12:57  Marine x4  
  120  12:58  Siege Tank  
  132  13:04  SCV x3  
  135  13:18  SCV x3  
  135  13:19  SCV  
  139  13:26  Missile Turret  
  139  13:30  SCV x2  
  139  13:35  Terran Infantry Armor Level 3, Terran Infantry Weapons Level 3  
  139  13:42  SCV  
  121  13:49  Marine x4  
  121  13:50  Marine x2  
  127  14:03  Marine x3  
  117  14:14  Marine x6  
  103  14:40  Marine x2  
  103  14:41  Marine x5  
  103  14:42  Marine x2  
  99  14:54  Medivac  
  99  14:55  Medivac  
  99  14:58  Marine x2  
  99  14:59  Marine x3  
  96  15:07  Marine x3  
  96  15:08  Marine  
  100  15:16  Marine  
  100  15:18  Barracks x3  
  100  15:19  Barracks  
  100  15:20  Barracks  
  101  15:22  SCV x3  
  101  15:24  Medivac  
  72  15:58  Missile Turret  
  72  16:00  Missile Turret  
  65  16:05  Viking x2  
  65  16:06  Marine x2  
  65  16:07  Marine x5  
  65  16:10  SCV x2  
  73  16:12  Orbital Command  
  73  16:17  Barracks Reactor  
  73  16:18  Barracks Tech Lab x2, Barracks Reactor  
  69  16:19  Barracks Tech Lab  
  69  16:35  Viking  
  69  16:38  Marine x2  
  69  16:39  Marine x6  
  76  16:40  Marauder, Marine x2  
  76  16:41  Marauder  
  76  16:42  Viking  
  87  16:53  Marine  
  87  16:54  Marine x3  
  89  16:56  Marine  
  92  17:05  Viking  
  94  17:11  Command Center  
  90  17:20  Command Center  
  70  17:27  Command Center  
Show
View Real Time Build Order
Export as new Build Order

Michael Zerg 

Build Orders: Hatch First 

Get SALT Encoding   

  12  0:01  Drone  
  13  0:13  Overlord  
  13  0:18  Drone  
  14  0:31  Drone x2  
  14  0:35  Drone  
  17  0:56  Hatchery  
  16  0:57  Drone  
  16  1:01  Drone  
  18  1:06  Extractor  
  17  1:18  Spawning Pool  
  16  1:21  Drone  
  16  1:24  Drone  
  18  1:28  Drone  
  19  1:39  Drone  
  20  1:49  Overlord  
  20  2:05  Queen  
  22  2:08  Metabolic Boost  
  22  2:09  Queen  
  22  2:12  Zergling x2  
  22  2:15  Zergling x2  
  26  2:18  Drone  
  26  2:21  Drone  
  28  2:24  Extractor  
  28  2:27  Drone  
  28  2:33  Drone  
  28  2:34  Drone  
  29  2:40  Drone  
  30  2:47  Queen  
  30  2:50  Drone  
  33  3:00  Roach Warren  
  33  3:02  Drone  
  33  3:09  Drone, Evolution Chamber  
  33  3:11  Drone  
  34  3:13  Drone  
  35  3:28  Drone  
  35  3:31  Overlord x2  
  35  3:33  Overlord  
  36  3:39  Spore Crawler  
  35  3:43  Spine Crawler  
  35  3:44  Drone  
  35  3:47  Drone  
  36  3:55  Lair  
  36  3:57  Drone  
  36  4:00  Drone  
  38  4:09  Drone x4  
  42  4:13  Drone  
  42  4:14  Drone  
  44  4:18  Drone  
  44  4:20  Drone  
  46  4:26  Queen  
  45  4:46  Zergling x12  
  45  4:47  Zergling x6  
  45  4:52  Overseer  
  54  4:59  Zerg Ground Armor Level 1  
  52  5:10  Zergling x10  
  52  5:11  Zergling x4  
  59  5:27  Glial Reconstitution  
  59  5:34  Overlord x4  
  59  5:35  Overlord  
  59  5:40  Hydralisk Den, Queen  
  59  5:43  Infestation Pit  
  54  5:56  Roach x3  
  54  5:57  Roach x3  
  55  6:16  Drone x2  
  56  6:23  Lair  
  56  6:39  Hatchery  
  55  6:42  Spore Crawler  
  55  6:45  Spine Crawler  
  53  6:54  Zerg Missile Weapons Level 1  
  53  6:58  Muscular Augments  
  53  7:08  Overlord x2  
  53  7:13  Spore Crawler x2  
  53  7:14  Spore Crawler  
  50  7:16  Spore Crawler  
  50  7:17  Spine Crawler  
  50  7:18  Spine Crawler  
  50  7:21  Drone x3  
  50  7:26  Drone  
  46  8:01  Hatchery  
  28  8:23  Drone  
  28  8:24  Drone x2  
  31  8:27  Lair  
  31  8:36  Roach  
  34  8:54  Hatchery  
  32  8:58  Drone x2  
  34  9:09  Grooved Spines  
  34  9:15  Drone  
  35  9:17  Queen  
  35  9:20  Drone x2  
  35  9:23  Drone  
  40  9:30  Drone  
  41  9:40  Queen  
  43  9:51  Zerg Ground Armor Level 2  
  43  9:53  Queen  
  43  9:54  Drone  
  43  9:56  Drone  
  43  9:58  Drone  
  48  10:01  Drone  
  49  10:08  Queen  
  49  10:13  Drone x2  
  51  10:15  Drone  
  52  10:27  Hydralisk x2  
  56  10:34  Drone x4  
  60  10:37  Extractor  
  60  10:38  Extractor  
  58  10:47  Drone x2  
  58  10:48  Drone  
  58  10:49  Drone x4  
  65  10:51  Extractor  
  65  10:52  Extractor  
  65  10:53  Spore Crawler  
  65  10:55  Spine Crawler  
  65  10:56  Drone  
  62  10:59  Drone x3  
  62  11:01  Drone x2  
  62  11:03  Hydralisk  
  69  11:20  Hatchery  
  65  11:34  Hydralisk x4  
  65  11:35  Hydralisk  
  75  11:45  Hydralisk  
  75  11:47  Hatchery  
  76  11:48  Zergling x10  
  76  11:52  Drone x2  
  76  11:53  Drone  
  82  12:02  Drone x2  
  84  12:10  Overseer  
  84  12:11  Overseer x2  
  81  12:42  Queen  
  81  12:43  Drone x6  
  89  12:45  Overlord x2  
  89  12:46  Overlord x3  
  89  12:56  Hive  
  89  12:59  Zerg Missile Weapons Level 2  
  89  13:02  Zergling x2  
  89  13:03  Zergling x10  
  95  13:06  Hydralisk  
  97  13:13  Drone x3  
  100  13:21  Drone x8  
  108  13:29  Spore Crawler x2  
  108  13:31  Spore Crawler, Spine Crawler  
  108  13:33  Spine Crawler  
  108  13:34  Spine Crawler, Drone x2  
  102  13:35  Drone x3  
  102  13:38  Extractor  
  102  13:39  Extractor  
  102  13:40  Drone x2  
  107  13:45  Hydralisk x4  
  107  13:48  Hydralisk  
  115  13:50  Hydralisk  
  119  13:58  Hydralisk  
  119  13:59  Hydralisk x3  
  127  14:10  Hydralisk  
  127  14:11  Hydralisk x3  
  127  14:14  Overlord x3  
  132  14:21  Hydralisk x2  
  136  14:28  Overlord x4  
  136  14:29  Overlord x2  
  136  14:44  Hydralisk x4  
  136  14:45  Hydralisk x5  
  136  15:00  Hydralisk  
  136  15:01  Hydralisk x6  
  148  15:12  Roach x4  
  156  15:23  Roach x4  
  125  15:46  Roach x11  
  125  15:47  Roach  
  123  15:50  Hydralisk x3  
  129  16:02  Queen  
  129  16:03  Hydralisk x4  
  129  16:04  Hydralisk x2  
  137  16:07  Hydralisk x2  
  147  16:12  Spire  
  147  16:14  Adrenal Glands  
  147  16:16  Spire  
  147  16:17  Hydralisk  
  145  16:22  Hydralisk x2  
  145  16:25  Zergling x6  
  152  16:28  Hydralisk  
  152  16:29  Queen  
  156  16:46  Hydralisk x3  
  156  16:47  Hydralisk x3  
  156  16:48  Hydralisk  
  170  16:56  Drone  
  170  16:57  Drone x2  
  170  16:58  Drone x3  
  170  17:00  Zergling x4  
  153  17:08  Roach x3  
  153  17:09  Roach x2  
Tags
 
Add a new tag
Caveats
  • Supply blocks, unpowered buildings, or Contaminate may cause inaccurate times.
  • Supply counts are checked every 10 seconds.